 Dungeon Crawl Stone Soup version 0.22-a0-776-ge6d7efa (webtiles) character file.

150768 Gildeon the Impaler (level 16, -9/126 HPs)
             Began as a Minotaur Fighter on July 15, 2018.
             Was the Champion of Makhleb.
             Killed from afar by a shock serpent (17 damage)
             ... with a bolt of electricity
             ... on level 3 of the Snake Pit on July 18, 2018.
             The game lasted 02:03:24 (26730 turns).

Gildeon the Impaler (Minotaur Fighter)             Turns: 26730, Time: 02:03:27

Health: -9/126     AC: 29    Str: 22    XL:     16   Next: 99%
Magic:  18/18      EV:  9    Int:  7    God:    Makhleb [******]
Gold:   1077       SH: 31    Dex: 18    Spells: 15/15 levels left

rFire    x . .     SeeInvis +   i - +8 spear (pierce)
rCold    + + .     Gourm    .   A - +4 large shield
rNeg     + . .     Faith    .   J - +3 plate armour {MR+}
rPois    +         Spirit   .   M - +2 hat {Int+3}
rElec    .         Reflect  +   L - +2 ratskin cloak {+Rats rPois rN+ Str-1 Int-1 Dex+1}
rCorr    .         Harm     .   S - +1 pair of gloves of Freedom {+Blink rF- MR++}
MR       ++++.                  w - +1 pair of boots {Stlth+}
Stlth    ..........             z - amulet "Akolit" {Reflect rPois rC++ Str-2 SH+4 SInv}
HPRegen  0.31/turn              F - +2 ring of strength
MPRegen  0.16/turn              k - +2 ring of protection

@: no status effects
A: retaliatory headbutt, horns 2, talons 1, thin skeletal structure 1, see
invisible, frail 1
a: Minor Destruction, Lesser Servant of Makhleb, Major Destruction, Greater
Servant of Makhleb, Renounce Religion, Evoke Blink, Evoke Ratskin


You were on level 3 of the Snake Pit.
You worshipped Makhleb.
Makhleb was exalted by your worship.
You were not hungry.

You visited 5 branches of the dungeon, and saw 27 of its levels.
You also visited: Sewer and Ice Cave.

You collected 2664 gold pieces.
You spent 1587 gold pieces at shops.

Inventory:

Hand Weapons
 i - a +8 spear of piercing (weapon)
Armour
 t - a scarf of cloud immunity
 w - a +1 pair of boots of stealth (worn)
 A - a +4 large shield (worn)
 D - a scarf of cloud immunity
 J - a +3 plate armour of magic resistance (worn)
 L - the +2 ratskin cloak (worn) {+Rats rPois rN+ Str-1 Int-1 Dex+1}
   (You found it on level 3 of the Lair of Beasts)

   It affects your strength (-1).
   It affects your intelligence (-1).
   It affects your dexterity (+1).
   It protects you from poison.
   It protects you from negative energy.
 M - a +2 hat of intelligence (worn)
 N - a scarf of spirit shield
 O - the +5 plate armour of the Final Tales {Str+6 Dex-2}
   (You found it on level 1 of the Snake Pit)

   It affects your strength (+6).
   It affects your dexterity (-2).
 S - the +1 pair of gloves of Freedom (worn) {+Blink rF- MR++}
   (You bought it in a shop on level 1 of the Snake Pit)

   It makes you vulnerable to fire.
   It affects your resistance to hostile enchantments.
   It lets you blink.
Jewellery
 g - an uncursed ring of flight
 h - a cursed ring of teleportation {unknown}
 j - an uncursed ring of protection from fire
 k - a +2 ring of protection (right hand)
 z - the amulet "Akolit" (around neck) {Reflect rPois rC++ Str-2 SH+4 SInv}
   (You found it on level 2 of the Lair of Beasts)

   [amulet of reflection]

   It shields you and reflects attacks.
   It affects your strength (-2).
   It greatly protects you from cold.
   It protects you from poison.
   It lets you see invisible.
   It affects your SH (+4).
 C - an uncursed ring of ice
 F - a +2 ring of strength (left hand)
 R - a +6 amulet of reflection
Wands
 b - a wand of polymorph (59)
 o - a wand of digging (22)
 q - a wand of acid (18)
 r - a wand of paralysis (65)
 v - a wand of flame (144)
 E - a wand of iceblast (16)
 I - a wand of random effects (41)
Scrolls
 a - 12 scrolls of remove curse
 e - 10 scrolls of teleportation
 y - 8 scrolls of fog
 B - 3 scrolls of identify
 G - a scroll of silence
 H - 2 scrolls of fear
Potions
 c - 3 potions of resistance
 d - 4 potions of lignification
 l - 2 potions of ambrosia
 m - 13 potions of curing
 n - 4 potions of might
 p - 4 potions of flight
 s - 4 potions of agility
 u - a potion of cancellation
 x - 6 potions of haste
 K - 2 potions of heal wounds
 Q - a potion of magic
Comestibles
 f - 30 rations
 P - 5 chunks of flesh


   Skills:
 + Level 12.6 Fighting
 - Level 20.0 Polearms
 - Level 10.0 Armour
 - Level 5.0 Dodging
 - Level 20.0 Shields
 - Level 5.0 Invocations
 - Level 5.0 Evocations


You had 15 spell levels left.
You didn't know any spells.
Your spell library contained the following spells:

 Spells                   Type           Power        Failure   Level  Hunger
 Magic Dart               Conj           #...         100%        1    ##.....
 Fireball                 Conj/Fire      #.........   100%        5    ######.
 Conjure Flame            Conj/Fire      #.......     100%        3    ####...
 Bolt of Magma            Conj/Fire/Erth #.........   100%        5    ######.
 Throw Flame              Conj/Fire      #.....       100%        2    ###....
 Teleport Other           Tloc           #.......     100%        3    ####...
 Blink                    Tloc           N/A          100%        2    ###....
 Iskenderun's Mystic Bla  Conj           #.......     100%        4    #####..
 Sticky Flame             Conj/Fire      #.......     100%        4    #####..
 Iron Shot                Conj/Erth      #.........   100%        6    #######
 Spider Form              Tmut/Pois      #.........   100%        3    ####...
 Blade Hands              Tmut           #.........   100%        5    ######.
 Statue Form              Tmut/Erth      #........    100%        6    #######
 Ice Form                 Ice/Tmut       #.......     100%        4    #####..
 Deflect Missiles         Chrm/Air       #.........   100%        6    #######
 Flame Tongue             Conj/Fire      #....        100%        1    ##.....
 Sticks to Snakes         Tmut           #.......     100%        2    ###....
 Silence                  Hex/Air        #.........   100%        5    ######.
 Shatter                  Erth           #.........   100%        9    #######
 Conjure Ball Lightning   Conj/Air       #.........   100%        6    #######
 Passage of Golubria      Tloc           N/A          100%        4    #####..
 Tornado                  Air            #.........   100%        9    #######
 Leda's Liquefaction      Hex/Erth       #.........   100%        4    #####..
 Shroud of Golubria       Chrm/Tloc      #.........   100%        2    ###....
 Inner Flame              Hex/Fire       #.......     100%        3    ####...
 Beastly Appendage        Tmut           #.....       100%        1    ##.....
 Fulminant Prism          Conj/Hex       #.........   100%        4    #####..
 Dazzling Spray           Conj/Hex       #.....       100%        3    ####...
 Force Lance              Conj/Tloc      #.......     100%        4    #####..
 Searing Ray              Conj           #.....       100%        2    ###....
 Summon Lightning Spire   Summ/Air       #.......     100%        4    #####..
 Gell's Gravitas          Tloc           #.........   100%        3    ####...
 Lesser Beckoning         Tloc           #.........   100%        3    ####...


Dungeon Overview and Level Annotations

Branches:
Dungeon (15/15)            Temple (1/1) D:7            Lair (6/6) D:9
 Shoals (0/4) Lair:2        Snake (3/4) Lair:2        Slime (0/5) Lair:5
    Orc (2/2) D:10            Elf (0/3) Orc:2        Vaults (0/5) D:14
 Depths (0/5) D:15

Altars:
Ashenzari
Cheibriados
Dithmenos
Elyvilon
Fedhas
Gozag
Hepliaklqana
Kikubaaqudgha
Makhleb
Nemelex Xobeh
Okawaru
Qazlal
Ru
Sif Muna
Trog
Uskayaw
Vehumet
Wu Jian
Xom
Yredelemnul
Zin
The Shining One
Beogh
Jiyva

Shops:
D:7 ?   D:9 %   D:12 !   D:14 (   Orc:2 =([*   Snake:1 (%[


Innate Abilities, Weirdness & Mutations

You reflexively headbutt those who attack you in melee.
You have a pair of horns on your head.
You have sharp toenails.
You have a somewhat thin skeletal structure. (Dex +2, Stealth)
You have supernaturally acute eyesight. (SInv)
You are frail. (-10% HP)


Message History

The shock serpent is severely wounded.
The shock serpent's electric aura discharges, shocking you!
You block the shock serpent's attack.
You barely miss the shock serpent.
The shock serpent is severely wounded.
The shock serpent shoots out a bolt of lightning at you!
The bolt of electricity hits you! x2
* * * LOW HITPOINT WARNING * * *
You closely miss the shock serpent.
The shock serpent is severely wounded.
You hit the shock serpent. You headbutt the shock serpent.
The shock serpent is almost dead.
You block the shock serpent's attack.
You closely miss the shock serpent. Your headbutt misses the shock serpent.
The shock serpent is almost dead.
The shock serpent shoots out a bolt of lightning at you!
The bolt of electricity hits you!
* * * LOW HITPOINT WARNING * * *
The bolt of electricity hits you!
You die...

..#
#.....#..##......####.##
.. #.##..... #.#
##...### .# #.###....#
#.# ##..##...## . #.#
##....##.####..# #....#
. #.#
.##....#....####..###
..# # #........##.....#
... #.........#....##
##..............#
##@S.............#
#...............#.#
#................#..
##(..............###
................##
..#...#..........#
###..............#
#.............>#
.....##........#


You could see a shock serpent.

Vanquished Creatures
  Gastronok (Orc:1)
  Agnes (D:15)
  A great orb of eyes (D:14)
  Snorg (D:10)
  A fire dragon (D:15)
  4 naga warriors
  3 hydras
  An ice dragon (D:15)
  4 centaur warriors (D:14)
  An ogre mage (D:15)
  6 anacondas
  8 two-headed ogres
  2 orc high priests (Orc:2)
  Urug (D:10)
  3 naga sharpshooters
  A shock serpent (Snake:3)
  2 slime creatures (D:14)
  An unseen horror (D:12)
  2 naga ritualists (Snake:3)
  2 wolf spider zombies
  5 orc knights
  4 orc sorcerers (Orc:2)
  5 mana vipers
  7 ugly things
  3 oklob plants
  2 cyclopes
  A deep elf mage (D:14)
  2 manticores
  A salamander (Snake:3)
  Maurice (D:11)
  2 merfolk sirens (Lair:2)
  16 black mambas
  2 ice statues (IceCv)
  A guardian serpent (Snake:1)
  19 elephants
  2 centaur zombies
  6 naga magi
  11 spiny frogs
  3 gargoyles
  2 kobold demonologists
  5 rime drakes
  7 komodo dragons
  2 merfolk
  A tengu conjurer (D:14)
  7 trolls
  Grinder (D:3)
  11 blink frogs
  8 hippogriffs
  8 dream sheep
  2 vampires
  A wyvern (D:13)
  12 spriggans (Lair:3)
  A water elemental (D:14)
  16 humans
  38 yaks
  2 wraiths
  2 hungry ghosts
  4 basilisks
  4 hogs (D:7)
  2 soldier ants
  13 vampire mosquitoes
  15 nagas
  Menkaure (D:4)
  5 wargs
  An acid dragon (D:13)
  3 insubstantial wisps (Lair:6)
  Duvessa (D:7)
  15 water moccasins
  6 porcupines
  Purgy (Sewer)
  3 eyes of draining
  27 orc warriors
  4 sky beasts
  10 ice beasts
  4 phantoms
  8 ogres
  A necrophage (D:11)
  3 black bears
  9 wolves
  15 crocodiles
  20 centaurs
  16 big kobolds
  19 bullfrogs
  A wyvern zombie (D:8)
  A water moccasin zombie (D:10)
  3 wyvern skeletons
  5 scorpions
  A water moccasin skeleton (D:4)
  Dowan (D:7)
  52 killer bees
  25 wights
  4 electric eels
  7 howler monkeys
  3 crimson imps
  4 quasits
  13 orc priests
  2 jellies
  12 orc wizards
  3 centaur skeletons
  A gnoll shaman (D:10)
  6 hounds
  A bullfrog skeleton (D:12)
  5 iguanas
  Ijyb (D:3)
  Natasha (twice) (D:3)
  9 worker ants
  2 hound skeletons
  A hound zombie (D:7)
  A worker ant zombie (D:10)
  4 gnolls (D:10)
  15 adders
  4 shadow imps
  3 oozes
  2 adder skeletons
  An adder zombie (D:9)
  4 worms
  3 dart slugs
  6 leopard geckos
  82 orcs
  7 giant cockroaches
  7 goblins
  6 hobgoblins
  22 jackals
  20 kobolds
  6 quokkas
  2 ball pythons
  5 bats
  5 frilled lizards
  A quokka skeleton (D:8)
  A quokka zombie (D:8)
  4 rats
  A fungus (Lair:2)
  4 plants (Lair:6)
856 creatures vanquished.

Vanquished Creatures (collateral kills)
  An orc warlord (Orc:2)
  A warg (Orc:2)
  3 orc warriors (Orc:2)
  An ogre (Orc:2)
  3 orcs (Orc:2)
9 creatures vanquished.

Vanquished Creatures (others)
  2 naga sharpshooters (Snake:1)
  8 fungi
  3 plants
13 creatures vanquished.

Grand Total: 878 creatures vanquished

Notes
Turn   | Place    | Note
-------+----------+-------------------------------------------
     0 | D:1      | Gildeon the Minotaur Fighter began the quest for the Orb.
     0 | D:1      | Reached XP level 1. HP: 19/19 MP: 0/0
   154 | D:1      | Reached XP level 2. HP: 26/26 MP: 1/1
   669 | D:2      | Reached XP level 3. HP: 31/31 MP: 2/2
   953 | D:2      | Reached skill level 5 in Polearms
  1128 | D:2      | Reached XP level 4. HP: 39/39 MP: 3/3
  1788 | D:3      | Noticed Grinder
  1788 | D:3      | Paralysed by Grinder for 6 turns
  1814 | D:3      | Killed Grinder
  1814 | D:3      | Reached XP level 5. HP: 34/45 MP: 4/4
  1814 | D:3      | Reached XP level 6. HP: 38/51 MP: 5/5
  2068 | D:3      | Noticed Natasha
  2081 | D:3      | Killed Natasha
  2083 | D:3      | Noticed Ijyb
  2095 | D:3      | Killed Ijyb
  2105 | D:3      | Noticed Natasha
  2111 | D:3      | Killed Natasha
  2396 | D:4      | Reached XP level 7. HP: 55/57 MP: 6/6
  2618 | D:4      | Reached skill level 10 in Polearms
  2673 | D:4      | Found a glowing drain.
  2677 | Sewer    | Entered a sewer
  2914 | Sewer    | Noticed Purgy
  2923 | Sewer    | Killed Purgy
  3243 | D:4      | Reached XP level 8. HP: 64/64 MP: 7/7
  3244 | D:4      | Noticed Menkaure
  3257 | D:4      | Killed Menkaure
  3855 | D:4      | Found a shimmering altar of Xom.
  3908 | D:5      | Entered Level 5 of the Dungeon
  4887 | D:6      | Reached XP level 9. HP: 65/70 MP: 8/8
  5028 | D:6      | Found a radiant altar of Vehumet.
  5353 | D:7      | Found a staircase to the Ecumenical Temple.
  5362 | Temple   | Entered the Ecumenical Temple
  5698 | D:7      | Noticed Dowan
  5711 | D:7      | Killed Dowan
  5714 | D:7      | Noticed Duvessa
  5734 | D:7      | Killed Duvessa
  5777 | D:7      | Found Plog's Magic Scroll Shop.
  5780 | D:7      | Bought a scroll of enchant armour for 105 gold pieces
  5780 | D:7      | Bought a scroll of identify for 28 gold pieces
  5780 | D:7      | Bought a scroll of identify for 28 gold pieces
  5780 | D:7      | Bought a scroll of identify for 28 gold pieces
  5780 | D:7      | Bought a scroll of identify for 28 gold pieces
  5780 | D:7      | Bought a scroll of enchant weapon for 105 gold pieces
  5896 | D:7      | Reached skill level 15 in Polearms
  6002 | D:7      | Reached skill level 5 in Fighting
  7118 | D:8      | Reached XP level 10. HP: 86/86 MP: 9/9
  7783 | D:9      | Got an ancient golden ring
  7785 | D:9      | Identified the ring of Zohez {rPois Int+2 Dex-4 Stlth+} (You found it on level 9 of the Dungeon)
  7835 | D:9      | Found Ineitekk's Food Shop.
  7860 | D:9      | Found an ornate altar of the Wu Jian Council.
  7863 | D:9      | Found a white marble altar of Elyvilon.
  7866 | D:9      | Found a shadowy altar of Dithmenos.
  7869 | D:9      | Found a burning altar of Makhleb.
  7873 | D:9      | Became a worshipper of Makhleb the Destroyer
  8478 | D:9      | Found a staircase to the Lair.
  8651 | Lair:1   | Entered Level 1 of the Lair of Beasts
  8687 | Lair:1   | Noticed a spiny frog
  8695 | Lair:1   | Killed a spiny frog
  8695 | Lair:1   | Reached skill level 10 in Fighting
  8888 | Lair:1   | Noticed a black mamba
  8900 | Lair:1   | Killed a black mamba
  8919 | Lair:1   | Reached skill level 5 in Shields
  8971 | Lair:1   | Reached skill level 5 in Armour
  9097 | Lair:1   | Noticed a spiny frog
  9112 | Lair:1   | Killed a spiny frog
  9261 | Lair:1   | Noticed a spiny frog
  9267 | Lair:1   | Killed a spiny frog
  9643 | Lair:2   | Reached XP level 11. HP: 100/100 MP: 10/10
  9655 | Lair:2   | Reached * piety under Makhleb
  9721 | Lair:2   | Found a staircase to the Snake Pit.
  9926 | Lair:2   | Reached skill level 10 in Armour
 10344 | Lair:2   | Noticed an oklob plant
 10344 | Lair:2   | Noticed an oklob plant
 10455 | Lair:2   | Found a staircase to the Shoals.
 10800 | Lair:3   | Reached ** piety under Makhleb
 11011 | Lair:3   | Reached skill level 10 in Shields
 11403 | Lair:3   | Reached XP level 12. HP: 98/106 MP: 11/11
 11898 | Lair:3   | Reached *** piety under Makhleb
 12540 | Lair:3   | Found the +2 ratskin cloak {+Rats rPois rN+ Str-1 Int-1 Dex+1}
 13055 | Lair:4   | Reached skill level 15 in Shields
 13070 | Lair:4   | Noticed an anaconda
 13078 | Lair:4   | Reached skill level 1 in Dodging
 13083 | Lair:4   | Killed an anaconda
 13193 | Lair:4   | Reached skill level 5 in Dodging
 13649 | Lair:5   | Reached **** piety under Makhleb
 13649 | Lair:5   | Reached skill level 1 in Evocations
 13881 | Lair:5   | Reached XP level 13. HP: 113/113 MP: 13/13
 14053 | Lair:5   | Gained mutation: You are frail. (-10% HP) [potion of mutation]
 14053 | Lair:5   | Gained mutation: You have supernaturally acute eyesight. (SInv) [potion of mutation]
 14053 | Lair:5   | Gained mutation: You have sharp toenails. [potion of mutation]
 14053 | Lair:5   | Gained mutation: You have a somewhat thin skeletal structure. (Dex +2, Stealth) [potion of mutation]
 14177 | Lair:5   | Found a labyrinth entrance.
 14402 | Lair:5   | Found a viscous altar of Jiyva.
 14403 | Lair:5   | Found a staircase to the Slime Pits.
 14555 | Lair:5   | HP: 5/101 [acid (11)]
 14779 | Lair:6   | Entered Level 6 of the Lair of Beasts
 14783 | Lair:6   | Reached skill level 5 in Evocations
 14821 | Lair:6   | Reached skill level 1 in Invocations
 15087 | Lair:6   | Reached ***** piety under Makhleb
 15103 | Lair:6   | Reached skill level 5 in Invocations
 16187 | Lair:6   | Noticed a dire elephant
 16187 | Lair:6   | Noticed a dire elephant
 16705 | D:10     | Entered Level 10 of the Dungeon
 17219 | D:10     | Found a staircase to the Orcish Mines.
 17403 | D:10     | Reached ****** piety under Makhleb
 17668 | Orc:1    | Entered Level 1 of the Orcish Mines
 17668 | Orc:1    | Noticed Gastronok
 17670 | Orc:1    | Noticed Urug
 17748 | Orc:1    | Noticed Snorg
 17817 | D:10     | Killed Snorg
 17868 | D:10     | Killed Urug
 17903 | D:10     | Reached XP level 14. HP: 108/108 MP: 16/16
 17939 | Orc:1    | Killed Gastronok
 18358 | Orc:2    | Entered Level 2 of the Orcish Mines
 18358 | Orc:2    | Found Oviuwnul's General Store.
 18420 | Orc:2    | Found Zolodaoj's Antique Weapon Shop.
 18502 | Orc:2    | Found a roughly hewn altar of Beogh.
 18511 | Orc:2    | Noticed an orc warlord
 18520 | Orc:2    | Found Bus Desm's Antique Armour Boutique.
 18555 | Orc:2    | Killed an orc warlord
 18859 | Orc:2    | Paralysed by an orc sorcerer for 6 turns
 18918 | Orc:2    | Found a staircase to the Elven Halls.
 18920 | Orc:2    | Bought a pair of runed boots for 187 gold pieces
 19090 | Orc:2    | Found a frozen archway.
 19106 | IceCv    | Entered an ice cave
 19149 | IceCv    | Found a transporter.
 19253 | IceCv    | Found a transporter.
 19494 | Orc:2    | Found Sitoutta's Jewellery Shop.
 19496 | Orc:2    | Paralysed by an orc sorcerer for 4 turns
 19510 | Orc:2    | Paralysed by an orc sorcerer for 5 turns
 19873 | D:11     | Noticed Maurice
 19888 | D:11     | Killed Maurice
 20854 | D:12     | Found Dielidd's Distillery.
 20858 | D:12     | Bought a potion of resistance for 170 gold pieces
 20858 | D:12     | Bought a potion of curing for 51 gold pieces
 20858 | D:12     | Bought a potion of haste for 170 gold pieces
 20858 | D:12     | Bought a potion of haste for 170 gold pieces
 20858 | D:12     | Bought a potion of curing for 51 gold pieces
 20858 | D:12     | Bought a potion of might for 68 gold pieces
 20858 | D:12     | Bought a potion of heal wounds for 85 gold pieces
 22519 | D:14     | Reached XP level 15. HP: 113/113 MP: 17/17
 22573 | D:14     | Found Jearol's Antique Weapon Shoppe.
 23011 | D:14     | Found a gate to the Vaults.
 23432 | D:15     | Entered Level 15 of the Dungeon
 23434 | D:15     | Identified a scroll of acquirement
 23436 | D:15     | Got an ancient wooden ring
 23437 | D:15     | Identified the ring "Qeremily" {+Inv MP+9 Str-4 Int+5 Stlth+} (You acquired it on level 15 of the Dungeon)
 23502 | D:15     | Found a snail-covered altar of Cheibriados.
 23625 | D:15     | Reached XP level 16. HP: 120/120 MP: 18/18
 23710 | D:15     | Found a shadowy altar of Dithmenos.
 24036 | D:15     | Found a staircase to the Depths.
 24177 | D:15     | Noticed Agnes
 24191 | D:15     | Killed Agnes
 24779 | Lair:2   | Got a scintillating ruby amulet
 24780 | Lair:2   | Identified the amulet "Akolit" {Reflect rPois rC++ Str-2 SH+4 SInv} (You found it on level 2 of the Lair of Beasts)
 24842 | Snake:1  | Entered Level 1 of the Snake Pit
 24843 | Snake:1  | Upgraded the game from 0.22-a0-750-ga7dcef7 to 0.22-a0-772-gac08f70
 24967 | Snake:1  | Found Buatwo's Weapon Emporium.
 25119 | Snake:1  | Found Oxtet's Antique Armour Shop.
 25132 | Snake:1  | Found Miepp's Food Boutique.
 25135 | Snake:1  | Got a twisted plate armour
 25166 | Snake:1  | Bought a pair of twisted gloves for 313 gold pieces
 25176 | Snake:1  | Identified the +1 pair of gloves of Freedom {+Blink rF- MR++} (You bought it in a shop on level 1 of the Snake Pit)
 25178 | Snake:1  | Identified the +5 plate armour of the Final Tales {Str+6 Dex-2} (You found it on level 1 of the Snake Pit)
 25319 | Snake:1  | Upgraded the game from 0.22-a0-772-gac08f70 to 0.22-a0-776-ge6d7efa
 26645 | Snake:3  | Found a sparkling altar of Nemelex Xobeh.
 26730 | Snake:3  | Killed from afar by a shock serpent

Vault maps used:
D:1:      dpeg_arrival_rhombi
D:3:      uniq_ijyb, uniq_grinder, uniq_natasha
D:4:      kennysheep_little_box, first_ration, gup_sewer_entry_bowl,
          uniq_menkaure
D:5:      minmay_strange_pillars
D:6:      lemuel_doored_altar
D:7:      temple_statues, serial_shops, nicolae_shop_behind_doors,
          small_statue_intersection, grunt_livestock, uniq_duvessa
D:9:      grunt_temple_overflow_cloverleaf, erik_lair_island, serial_shops, shop
D:10:     hiddenorc2_lemuel
D:11:     uniq_maurice
D:12:     serial_shops, shop
D:14:     david_vaults_3, serial_shops, shop, serial_bayou_ford_a
D:15:     grunt_enter_depths_hoard, grunt_dithmenos_smoke_and_mirrors,
          basic_altar, uniq_agnes
Temple:   regret_index_temple_sphere_string
Lair:1:   grunt_megastairs_4
Lair:2:   dpeg_oklob_gauntlet, elwin_shoals_entry_stream, dummy_snake_entry,
          beast_lair_carwin_9
Lair:3:   wad_woods_minihive
Lair:4:   beast_lair_carwin_large_1
Lair:5:   dpeg_slime_entry_enclosed_altar, lab_entry_generic,
          guppyfry_lair_drakes, grunt_megastairs_2
Lair:6:   due_jungle_book, pond, grunt_megastairs_5
Snake:1:  serial_shops, shop, serial_bayou_pond_e, minmay_shoptagon
Snake:3:  basic_altar, basic_stair_grate_trap
Orc:1:    special_room, uniq_urug, uniq_gastronok, uniq_snorg
Orc:2:    grunt_orc_gardens, grunt_orc_garden, grunt_orc_garden,
          grunt_orc_garden, grunt_orc_garden, portal_ice_cave_rime, mines2_david
Sewer:    kennysheep_door_sewer
IceCv:    ice_cave_statue_garden_transporter

Skill      XL: |  1  2  3  4  5  6  7  8  9 10 11 12 13 14 15 16 |
---------------+-------------------------------------------------+-----
Polearms       | 3 4 5 7 9 11 13 15 17 20 | 20.0
Fighting       | 7 10 12 | 12.6
Shields        | 5 11 15 16 19 20 | 20.0
Armour         | 8 10 | 10.0
Dodging        | 5 |  5.0
Evocations     | 2 5 |  5.0
Invocations    | 5 |  5.0

Action                   |  1- 3 |  4- 6 |  7- 9 | 10-12 | 13-15 | 16-18 || total
-------------------------+-------+-------+-------+-------+-------+-------++-------
Melee: Trident           |    53 |       |       |       |       |       ||    53
       Headbutt          |    17 |    26 |    76 |   210 |   585 |   139 ||  1053
       Spear             |    56 |   121 |   472 |  1115 |  2056 |   478 ||  4298
       Kick              |       |       |       |       |   429 |       ||   429
Invok: Lesser Servant of |       |       |       |       |     6 |       ||     6
       Minor Destruction |       |       |       |       |     1 |       ||     1
Evoke: Wand              |       |       |       |     1 |     6 |    26 ||    33
  Use: Scroll            |     3 |     7 |    14 |    13 |    18 |     7 ||    62
       Potion            |       |     3 |     2 |     1 |     8 |     1 ||    15
 Stab: Distracted        |       |       |       |       |     1 |       ||     1
  Eat: Ration            |     1 |       |     2 |     2 |     4 |     2 ||    11
       Chunk             |       |     1 |     9 |    15 |    20 |     3 ||    48
Armor: Scale mail        |    40 |    31 |    67 |       |       |       ||   138
       Chain mail        |       |       |    53 |   214 |       |       ||   267
       Skin              |       |       |     4 |       |       |       ||     4
       Plate armour      |       |       |       |   107 |   350 |    63 ||   520
Dodge: Dodged            |    31 |    28 |    54 |    74 |   153 |    44 ||   384
Block: Shield            |    54 |    38 |   106 |    54 |       |       ||   252
       Large shield      |       |       |       |   769 |  1468 |   417 ||  2654
       Reflection        |       |       |       |       |       |    41 ||    41

Table legend:
 A = Spawn XP
 B = Non-spawn XP
 C = Spawn XP percentage of total XP
 D = Spawn monster count
 E = Non-spawn monster count
 F = Spawn count percentage of total count
 G = Total turns spent on level
                    A         B        C        D         E        F      G
               +---------+---------+-------+---------+---------+-------+---------
         Total |       0 |  159563 |   0.0 |       0 |     862 |   0.0 | 26730
               +---------+---------+-------+---------+---------+-------+---------
           D:1 |       0 |      34 |   0.0 |       0 |      19 |   0.0 |   650
           D:2 |       0 |      91 |   0.0 |       0 |      26 |   0.0 |  1119
           D:3 |       0 |     451 |   0.0 |       0 |      18 |   0.0 |   578
           D:4 |       0 |     933 |   0.0 |       0 |      34 |   0.0 |  1216
           D:5 |       0 |     563 |   0.0 |       0 |      11 |   0.0 |   691
           D:6 |       0 |     679 |   0.0 |       0 |      23 |   0.0 |   675
           D:7 |       0 |    2023 |   0.0 |       0 |      29 |   0.0 |  1005
           D:8 |       0 |    1049 |   0.0 |       0 |      28 |   0.0 |  1147
           D:9 |       0 |    1244 |   0.0 |       0 |      16 |   0.0 |  1158
          D:10 |       0 |    8015 |   0.0 |       0 |      92 |   0.0 |  1218
          D:11 |       0 |    8001 |   0.0 |       0 |      35 |   0.0 |   756
          D:12 |       0 |    3618 |   0.0 |       0 |      30 |   0.0 |   519
          D:13 |       0 |    3505 |   0.0 |       0 |      26 |   0.0 |   881
          D:14 |       0 |   20980 |   0.0 |       0 |      79 |   0.0 |  1454
          D:15 |       0 |   12285 |   0.0 |       0 |      23 |   0.0 |   837
        Lair:1 |       0 |    3593 |   0.0 |       0 |      16 |   0.0 |  1037
        Lair:2 |       0 |    5184 |   0.0 |       0 |      20 |   0.0 |  1412
        Lair:3 |       0 |   15302 |   0.0 |       0 |      91 |   0.0 |  2099
        Lair:4 |       0 |    6185 |   0.0 |       0 |      23 |   0.0 |  1020
        Lair:5 |       0 |    6164 |   0.0 |       0 |      24 |   0.0 |  1165
        Lair:6 |       0 |   13902 |   0.0 |       0 |      48 |   0.0 |  1806
       Snake:1 |       0 |   10340 |   0.0 |       0 |      19 |   0.0 |   581
       Snake:2 |       0 |    6493 |   0.0 |       0 |      14 |   0.0 |   957
       Snake:3 |       0 |   10218 |   0.0 |       0 |      20 |   0.0 |   350
         Orc:1 |       0 |    5967 |   0.0 |       0 |      35 |   0.0 |   748
         Orc:2 |       0 |    9801 |   0.0 |       0 |      47 |   0.0 |   772
         Sewer |       0 |     148 |   0.0 |       0 |       6 |   0.0 |   345
         IceCv |       0 |    2795 |   0.0 |       0 |      10 |   0.0 |   375
               +---------+---------+-------+---------+---------+-------+---------
